 Dungeon Crawl Stone Soup version 0.22-a0-467-g5c5de1c (webtiles) character file.

2 Grimcad the Charmwright (level 1, -1/9 HPs)
             Began as a Felid Skald on June 10, 2018.
             Slain by a goblin
             ... wielding a +0 club
              (5 damage)
             ... on level 1 of the Dungeon.
             The game lasted 00:00:20 (103 turns).

Grimcad the Charmwright (Felid Skald)                Turns: 103, Time: 00:00:20

Health: -1/9       AC:  1    Str:  7    XL:     1   Next: 25%
Magic:  4/4        EV: 18    Int: 14    God:
Gold:   4          SH:  0    Dex: 15    Spells: 3/4 levels left
                                        Lives:  0   Deaths: 0

rFire    . . .     SeeInvis +     - Unarmed
rCold    . . .     Gourm    .   (shield unavailable)
rNeg     . . .     Faith    .   (armour unavailable)
rPois    .         Spirit   .   (helmet unavailable)
rElec    .         Reflect  .   (cloak unavailable)
rCorr    .         Harm     .   (gloves unavailable)
MR       .....                  (boots unavailable)
Stlth    ++........             (no amulet)
HPRegen  0.03/turn              (no ring)
MPRegen  0.09/turn              (no ring)

@: quick
A: very small, no armour, no weapons or thrown items, stealth, claws 1, fangs 3,
see invisible, carnivore, speed 1, shaggy fur 1, slow metabolism 1, sharp paws
a: no special abilities


You were on level 1 of the Dungeon.
You were not hungry.

You visited 1 branch of the dungeon, and saw 1 of its levels.

You collected 4 gold pieces.

Inventory:

Scrolls
 a - a scroll of enchant armour {unknown}
Comestibles
 b - a ration


   Skills:
 + Level 2.0 Fighting
 + Level 3.3 Dodging
 + Level 2.0 Unarmed Combat
 + Level 2.0 Spellcasting
 + Level 3.6 Charms


You had 3 spell levels left.
You knew the following spells:

 Your Spells              Type           Power        Failure   Level  Hunger
a - Infusion              Chrm           ##..         5%          1    ##.....

Your spell library contained the following spells:

 Spells                   Type           Power        Failure   Level  Hunger
 Regeneration             Chrm/Necr      #.........   32%         3    ####...
 Shroud of Golubria       Chrm/Tloc      #.........   17%         2    ###....
 Song of Slaying          Chrm           ##......     8%          2    ###....
 Spectral Weapon          Hex/Chrm       #.......     32%         3    ####...


Dungeon Overview and Level Annotations

Branches:
Dungeon (1/15)

Altars:


Innate Abilities, Weirdness & Mutations

You cannot wear armour.
You are incapable of wielding weapons or throwing items.
Your paws allow you to move quietly. (Stealth)
You have sharp claws.
You have razor-sharp teeth.
You have supernaturally acute eyesight. (SInv)
You are carnivorous and can eat meat at any time.
You cover ground quickly.
You are covered in fur. (AC +1)
You have a slow metabolism.
Your sharp claws are effective at attacking unaware monsters.


Message History

The bat misses you.
The goblin shouts!
The bat barely misses you. The goblin hits you with a club.
You completely miss the goblin. The bat completely misses you.
The goblin hits you with a club.
You closely miss the goblin. The bat misses you. The bat closely misses you.
The bat hits you but does no damage. The bat hits you but does no damage.
The bat hits you but does no damage. The bat barely misses you.
The bat barely misses you.
You scratch the bat but do no damage.
You kill the bat!
The goblin closely misses you.
You see here a bat corpse.
You scratch the goblin.
The goblin is severely wounded.
The goblin hits you with a club.
Ouch! That really hurt!
You die...

#......# #.....>#
#......### #........#
#......# #......#
#......# ###g#### #@#
#.# ####.## #.....##
#......#######
#............########
#.....######........#
####.## ########.#
#.# #.#


You could see a goblin.

Vanquished Creatures
  A goblin (D:1)
  A bat (D:1)
2 creatures vanquished.

Notes
Turn   | Place    | Note
-------+----------+-------------------------------------------
     0 | D:1      | Grimcad the Felid Skald began the quest for the Orb.
     0 | D:1      | Reached XP level 1. HP: 9/9 MP: 4/4
   103 | D:1      | Slain by a goblin

Vault maps used:
D:1:      giann_wishing_wells

Action                   || total
-------------------------++-------
Melee: Unarmed           ||     7
       Bite              ||     1
Armor: Skin              ||     3
Dodge: Dodged            ||     9

Table legend:
 A = Spawn XP
 B = Non-spawn XP
 C = Spawn XP percentage of total XP
 D = Spawn monster count
 E = Non-spawn monster count
 F = Spawn count percentage of total count
 G = Total turns spent on level
                    A         B        C        D         E        F      G
               +---------+---------+-------+---------+---------+-------+---------
         Total |       0 |       3 |   0.0 |       0 |       2 |   0.0 |   103
               +---------+---------+-------+---------+---------+-------+---------
           D:1 |       0 |       3 |   0.0 |       0 |       2 |   0.0 |   103
               +---------+---------+-------+---------+---------+-------+---------
